 Dungeon Crawl Stone Soup version 0.28.0-43-g3370ac3207 (webtiles) character file.

Game seed: 8779527700519213288

52 H0rd4k the Magician (level 3, -1/19 HPs)
             Began as a Deep Elf Hedge Wizard on Mar 14, 2022.
             Slain by a gnoll
             ... wielding a +0 whip
              (3 damage)
             ... on level 2 of the Dungeon.
             The game lasted 00:01:57 (2006 turns).

H0rd4k the Magician (Deep Elf Hedge Wizard)         Turns: 2006, Time: 00:01:57

Health: -1/19      AC:  2    Str:  7    XL:     3   Next: 60%
Magic:  0/12       EV: 13    Int: 20    God:
Gold:   24         SH:  0    Dex: 14    Spells: 4/13 levels left

rFire   + . .      SeeInvis .   a - +0 dagger
rCold   . . .      Faith    .   (no shield)
rNeg    . . .      Spirit   .   b - +0 robe
rPois   .          Reflect  .   c - +0 hat
rElec   .          Harm     .   (no cloak)
rCorr   .          Rampage  .   (no gloves)
Will    .....                   (no boots)
Stlth   ++........              (no amulet)
HPRegen 0.06/turn               f - ring of protection from fire
MPRegen 0.13/turn               (no ring)

@: no status effects
A: no striking features
a: no special abilities


You were on level 2 of the Dungeon.
You visited 1 branch of the dungeon, and saw 2 of its levels.

You collected 24 gold pieces.

Inventory:

Hand Weapons
 a - a +0 dagger (weapon)
Armour
 b - a +0 robe (worn)
 c - a +0 hat (worn)
Jewellery
 f - a ring of protection from fire (left hand)
Scrolls
 d - a scroll of identify {unknown}
 g - a scroll of summoning {unknown}
Potions
 e - a potion of curing {unknown}
 h - a potion of lignification {unknown}


   Skills:
 + Level 3.0 Dodging
 - Level 2.4 Stealth
 + Level 5.8 Spellcasting
 + Level 1.7 Conjurations
 + Level 1.2 Summonings
 + Level 1.1 Translocations


You had 4 spell levels left.
You knew the following spells:

 Your Spells              Type           Power      Damage    Failure   Level
a - Magic Dart            Conj           48%        1d5       5%          1
b - Blink                 Tloc           20%        N/A       11%         2
c - Conjure Flame         Conj/Fire      9%         6-21      22%         3
d - Mephitic Cloud        Conj/Pois/Air  8%         N/A       26%         3

Your spell library contained the following spells:

 Spells                   Type           Power      Damage    Failure   Level
 Call Imp                 Summ           10%        N/A       10%         2
 Slow                     Hex            20%        N/A       11%         1
 Portal Projectile        Hex/Tloc       16%        N/A       26%         3
 Blade Hands              Tmut           2%         N/A       96%         5
 Excruciating Wounds      Necr           2%         N/A       96%         5


Dungeon Overview and Level Annotations

Branches:
Dungeon (2/15)

Altars:

Shops:
D:1 *

Annotations:
D:2 1 runed translucent door, exclusion: door, Crazy Yiuf


Message History

Press: ? - help, Shift-Dir - straight line, f/p - gnoll
Aim: a gnoll, wielding a +0 whip and wearing a +0 robe (severely wounded, 100% to hit)
The magic dart hits the gnoll but does no damage.
The gnoll is severely wounded.
Casting: Magic Dart (safe; 5% risk of failure)
Confirm with . or Enter, or press ? or * to list all spells.
Aiming: Magic Dart (safe; 5% risk of failure)
Press: ? - help, Shift-Dir - straight line, f/p - gnoll
Aim: a gnoll, wielding a +0 whip and wearing a +0 robe (severely wounded, 100% to hit)
The magic dart hits the gnoll but does no damage.
The gnoll is severely wounded.
The gnoll closely misses you.
Unknown command.
Casting: Magic Dart (safe; 5% risk of failure)
Confirm with . or Enter, or press ? or * to list all spells.
Aiming: Magic Dart (safe; 5% risk of failure)
Press: ? - help, Shift-Dir - straight line, f/p - gnoll
Aim: a gnoll, wielding a +0 whip and wearing a +0 robe (severely wounded, 100% to hit)
The magic dart hits the gnoll.
The gnoll is almost dead.
The gnoll misses you.
Casting: Magic Dart (safe; 5% risk of failure)
Confirm with . or Enter, or press ? or * to list all spells.
Aiming: Magic Dart (safe; 5% risk of failure)
Press: ? - help, Shift-Dir - straight line, f/p - gnoll
Aim: a gnoll, wielding a +0 whip and wearing a +0 robe (almost dead, 100% to hit)
The magic dart hits the gnoll.
The gnoll is almost dead.
You feel stable enough to blink again. The gnoll hits you with a +0 whip.
* * * LOW HITPOINT WARNING * * *
Casting: Magic Dart (safe; 5% risk of failure)
Confirm with . or Enter, or press ? or * to list all spells.
Aiming: Magic Dart (safe; 5% risk of failure)
Press: ? - help, Shift-Dir - straight line, f/p - gnoll
Aim: a gnoll, wielding a +0 whip and wearing a +0 robe (almost dead, 100% to hit)
The magic dart hits the gnoll but does no damage.
The gnoll is almost dead.
The gnoll hits you with a +0 whip.
You die...

#.....<...# ########
#######.####.##.######......#
........<....##....g....###.###
#######.###...#..#####..# #....
#.##.........>##..###.###
#.###...#....#......#.# #.#
##.##.###.##.##.#.# #.####.##.#
####.# .#.# #......g@.# #.# #.#
######'#### ... ... #? .# .##
### #. .# . #. .# #. # #. .#
....# ' ' ..... #####


You could see a gnoll.

Vanquished Creatures
  A gnoll (D:2)
  An adder (D:2)
  5 endoplasms
  4 giant cockroaches
  3 goblins (D:1)
  3 hobgoblins
  2 kobolds (D:1)
  3 quokkas
  2 ball pythons (D:2)
  3 bats
  2 frilled lizards (D:1)
  A rat (D:2)
30 creatures vanquished.

Notes
Turn   | Place    | Note
-------+----------+-------------------------------------------
     0 | D:1      | H0rd4k the Deep Elf Hedge Wizard began the quest for the
                  | Orb.
     0 | D:1      | Reached XP level 1. HP: 10/10 MP: 7/7
     1 | D:1      | Noticed an electric eel
   129 | D:1      | Found a faded altar of an unknown god.
   155 | D:1      | Found Uxeiss's General Store.
   417 | D:1      | Reached XP level 2. HP: 15/15 MP: 7/9
   451 | D:1      | Reached skill level 5 in Spellcasting
  1411 | D:2      | Reached XP level 3. HP: 19/19 MP: 4/11
  1414 | D:2      | Learned a level 2 spell: Blink
  1418 | D:2      | Learned a level 3 spell: Conjure Flame
  1422 | D:2      | Learned a level 3 spell: Mephitic Cloud
  1558 | D:2      | Found a runed translucent door.
  1559 | D:2      | Noticed Crazy Yiuf
  2006 | D:2      | Slain by a gnoll

Illustrated notes

Levels and vault maps discovered:
D:1:      arrival_aquarium_a, layout_basic,
          shapermc_ecumenical_altar_notcrosses, serial_shops,
          nicolae_diamond_shop, minmay_split_cup_large
D:2:      layout_loops_corners, pf_guarded_unrand_woodcutter,
          uniq_crazy_yiuf_cottage, uniq_robin

Skill      XL: |  1  2 |
---------------+-------+-----
Spellcasting   | 5 |  5.8
Dodging        | 3 |  3.0
Stealth        | |  2.4
Conjurations   | |  1.7
Summonings     | |  1.2
Translocations | |  1.1

Action                   || total
-------------------------++-------
 Cast: Magic Dart        ||    98
       Blink             ||     1
Armor: Robe              ||     5
Dodge: Dodged            ||    26
